Cogmind - Beta 15 @@@ ROGUE MODE // 2025.07.26 @ 22:03:53 Player: erfael Result: Destroyed by S-27 Virus with Autogun Performance ------------- Evolutions (6) 3000 Regions Visited (21) 4200 Robots Destroyed (109) 545 Value Destroyed (4407) 4407 Prototype IDs (46) 920 Alien Tech Used (0) 0 Bonus (3018) 3018 TOTAL SCORE: 16090 Bonus ------- High Alert Combat Kills 115 Follower Combat Kills 1712 Aligned with FarCom 300 Met Data Miner 300 Met Imprinter 300 Built Enhanced Grunts 300 Met R17 at Cetus 500 Friendly Fire -509 Cogmind --------- Core Integrity 0/1150 Matter 170/300 Energy 99/100 System Corruption 17% Temperature Cool (0) Movement Core (50) Location -4/Factory Parts ------- > --- POWER (2) -------- (None) > --- PROPULSION (4) --- (None) > --- UTILITY (9) ------ (None) > --- WEAPON (4) ------- (None) > --- INVENTORY (5) ---- Railgun Peak State ------------ > --- POWER ------------ Fission Core Antimatter Reactor > --- PROPULSION ------- Centrium Heavy Treads Centrium Heavy Treads > --- UTILITY ---------- Improved Cooling System Large Storage Unit Advanced Sensor Array Improved Salvage Targeting Computer Core Analyzer Experimental Armor Integrity Analyzer Hardened Medium Armor Plating Centrium Medium Armor Plating Experimental Thermal Shield > --- WEAPON ----------- Precision Beam Rifle Quantum Rifle KE Penetrator Heavy Shock Bomb Launcher > --- INVENTORY -------- Light Angular Momentum Engine Improved Heavy Treads Medium Armored Exoskeleton Energy Well Medium Matter Pod Advanced Terrain Scan Processor Seismic Detector Improved Field Recycling Unit Wave Gun Railgun Bore Cannon [Rating: 128] Favorites ----------- Power Neutrino Core Engine Improved Deuterium Engine Power Core Neutrino Core Reactor Cold Fusion Reactor Propulsion Aluminum Leg Treads Centrium Heavy Treads Leg Aluminum Leg Wheel Armored Wheel Flight Unit Cesium-ion Thruster Utility Large Storage Unit Device Experimental Sensor Array Storage Large Storage Unit Processor Experimental Armor Integrity Analyzer Protection Hardened Medium Armor Plating Weapon Cooled Pulse Rifle Energy Gun Cooled Pulse Rifle Energy Cannon Heavy Particle Cannon Ballistic Gun Minigun Ballistic Cannon Mass Driver Launcher Missile Launcher Impact Weapon Great Maul Slashing Weapon Great Axe Build | -11 -10 -10 -10 -9 -8 -7 -7 -7 -7 -6 -6 -6 -6 -6 -5 -5 -5 -5 -5 -5 -4 ------- Run | Yrd Mat Min Exi Min Mat Fac Low Low Dat Pro Fac Low Low Zio Pro Fac Ext Cet Arc Hub Fac Slots Evolved 12 | . . . . . 4 2 . . . . 2 . . . . 2 . . . . 2 Power 1 | . . . . . . 1 . . . . . . . . . . . . . . . Propulsion 2 | . . . . . 2 . . . . . . . . . . . . . . . . Utility 7 | . . . . . 2 1 . . . . 1 . . . . 2 . . . . 1 Weapon 2 | . . . . . . . . . . . 1 . . . . . . . . . 1 Parts Attached 128 | 7 10 9 1 . 14 8 5 1 . 3 5 1 3 4 8 8 13 8 2 4 14 Power 23 | 2 1 2 . . 1 2 1 . . . 1 . 1 . 1 1 3 1 1 2 3 Engine 12 | 2 1 2 . . 1 2 . . . . . . . . . . 1 1 . 1 1 Core 8 | . . . . . . . 1 . . . 1 . 1 . 1 . 2 . . 1 1 Reactor 3 | . . . . . . . . . . . . . . . . 1 . . 1 . 1 Propulsion 37 | 2 7 3 . . 7 3 . . . 1 1 . . . 4 2 2 3 . . 2 Treads 6 | . . . . . . 1 . . . 1 . . . . 1 . . 2 . . 1 Leg 27 | 2 7 3 . . 7 1 . . . . 1 . . . 1 2 2 1 . . . Wheel 2 | . . . . . . 1 . . . . . . . . 1 . . . . . . Hover . | . . . . . . . . . . . . . . . . . . . . . . Flight 2 | . . . . . . . . . . . . . . . 1 . . . . . 1 Utility 41 | 1 1 2 1 . 3 2 4 1 . . 2 1 1 4 3 3 6 3 . 1 2 Device 14 | . 1 1 . . . 2 3 . . . 1 . 1 . 2 . 1 . . 1 1 Storage 5 | 1 . 1 1 . . . . . . . . 1 . . . . . 1 . . . Processor 12 | . . . . . 1 . 1 . . . 1 . . 4 . 2 2 1 . . . Hackware . | . . . . . . . . . . . . . . . . . . . . . . Protection 10 | . . . . . 2 . . 1 . . . . . . 1 1 3 1 . . 1 Artifact . | . . . . . . . . . . . . . . . . . . . . . . Weapon 27 | 2 1 2 . . 3 1 . . . 2 1 . 1 . . 2 2 1 1 1 7 Energy Gun 6 | 1 . 1 . . . . . . . 1 . . . . . . 1 . 1 . 1 Energy Cannon 3 | . . 1 . . . . . . . 1 . . . . . . . . . . 1 Ballistic Gun 5 | 1 . . . . 2 . . . . . . . . . . . . . . 1 1 Ballistic Cannon 4 | . . . . . . . . . . . . . 1 . . 1 . 1 . . 1 Launcher 5 | . 1 . . . . 1 . . . . 1 . . . . 1 . . . . 1 Special Weapon . | . . . . . . . . . . . . . . . . . . . . . . Impact Weapon 1 | . . . . . . . . . . . . . . . . . 1 . . . . Slashing Weapon 3 | . . . . . 1 . . . . . . . . . . . . . . . 2 Piercing Weapon . | . . . . . . . . . . . . . . . . . . . . . . Special Melee Weapon . | . . . . . . . . . . . . . . . . . . . . . . Unidentified Prototypes 10 | . . . . . . . . . . . . . . 4 . 2 1 2 . 1 . Parts Lost 56 | . . 3 . . 3 7 2 . . . . . 6 . 4 5 7 2 . 3 14 Power 9 | . . 1 . . 1 1 . . . . . . 2 . 1 . . . . 1 2 Propulsion 15 | . . . . . 1 2 1 . . . . . 3 . 2 1 1 1 . . 3 Utility 21 | . . 1 . . 1 4 . . . . . . 1 . . 3 5 . . 2 4 Weapon 11 | . . 1 . . . . 1 . . . . . . . 1 1 1 1 . . 5 Highest Loss Streak 8 | . . 2 . . 2 4 2 . . . . . 6 . 4 3 6 2 . 1 8 To Critical Strikes 2 | . . . . . . . . . . . . . . . . . . 1 . . 1 Average Backups 12 | 4 7 8 9 10 13 13 11 11 12 10 14 14 14 14 14 14 14 14 13 12 10 Power . | . 1 . 1 1 . . . . . . 2 3 1 1 1 . . 1 1 1 1 Propulsion 1 | 1 1 3 3 3 1 . . . . . . 1 . . . 1 2 2 2 2 2 Utility 5 | . 2 3 4 5 5 7 5 5 5 5 6 5 7 8 9 6 5 5 5 4 4 Weapon 4 | . 1 1 1 1 5 5 6 6 7 5 4 5 5 5 4 5 5 4 4 3 2 Tool/Special . | . . . . . . . . . . . . . . . . . . . . . . Unused Backups 27 | . 4 1 . . 4 1 . . . . 2 . . 2 . 1 5 . 1 1 5 Power 1 | . . . . . 1 . . . . . . . . . . . . . . . . Propulsion 9 | . 2 . . . . . . . . . . . . . . . 3 . 1 1 2 Utility 11 | . 1 1 . . 1 1 . . . . . . . 2 . 1 1 . . . 3 Weapon 6 | . 1 . . . 2 . . . . . 2 . . . . . 1 . . . . Tool/Special . | . . . . . . . . . . . . . . . . . . . . . . Average Slot Usage (%) 87 | . 99 99 75 99 96 95 78 69 69 83 92 100 80 80 92 99 87 87 88 87 73 Engine 5 | . 14 13 14 14 9 13 7 7 7 7 . . 5 6 2 . . . 2 1 . Core 4 | . . . . . . . 2 7 7 7 12 13 6 6 9 7 5 10 5 3 4 Reactor 1 | . . . . . . . . . . . . . . . . 2 4 . 2 4 3 Treads 1 | . . . . . . 2 . . . 1 6 6 . . 2 1 . 1 11 11 8 Leg 14 | . 28 28 28 28 35 25 22 15 15 15 13 13 6 6 5 9 8 9 . . . Wheel 3 | . . . . . . 1 7 7 7 7 6 6 6 6 9 11 2 . . . . Device 10 | . 13 13 14 14 1 5 21 7 7 7 12 14 13 13 16 13 8 10 5 7 9 Storage 8 | . 14 14 14 14 9 7 7 7 7 7 6 12 13 13 8 5 5 5 5 5 4 Processor 10 | . . . . . 8 6 . 7 7 7 6 6 6 12 13 21 19 17 23 19 12 Protection 5 | . . . . . 14 14 . 6 7 7 6 6 . . . 4 9 10 11 11 9 Energy Gun 4 | . 14 14 2 13 1 . . . . 6 6 6 6 2 6 5 2 . 3 8 8 Energy Cannon 3 | . . 12 2 14 . . . . . 6 6 6 6 5 6 . . . . . . Ballistic Gun 2 | . 14 . . . 9 5 . . . . 1 . . . . . 4 . . 2 4 Ballistic Cannon 1 | . . . . . . . . . . . . . . . 3 8 2 16 12 3 . Launcher 2 | . . . . . . 5 6 . . . . 5 5 5 2 . 4 . . . . Peak Build Rating 128 | 7 10 13 13 14 23 31 53 43 39 52 64 63 61 66 76 86 97 114 120 120 128 Average Rating 57 | 5 9 11 10 13 21 27 48 39 39 46 59 59 50 61 70 84 92 94 116 115 104 On Entrance 49 | . 7 10 13 11 14 22 19 43 39 39 52 55 59 50 66 75 86 94 112 120 106 Naked Turns 123 | . . . . . . . . . . . . . . . . . . . . . 123 Heaviest Build 94 | 13 15 24 28 34 40 52 60 60 60 70 72 69 58 57 63 68 92 94 93 93 92 Greatest Support 160 | 20 20 20 20 20 40 40 12 12 12 12 12 12 12 12 24 24 70 160 160 160 160 Greatest Overweight (x) 6 | 3 . 1 1 1 1 4 4 4 4 5 5 5 4 4 5 2 5 6 . . 1 Average Overweight (x) 2 | . . . . 1 . 1 3 4 4 4 5 5 4 3 2 2 2 . . . . Largest Inventory Capacity 15 | 8 8 10 15 15 15 15 15 15 15 15 15 15 15 15 15 15 15 15 15 15 15 Average Capacity 13 | 7 8 8 12 15 15 15 15 15 15 15 15 15 15 15 15 15 15 15 15 15 13 Most Carried 15 | 7 8 10 13 12 15 15 15 12 12 12 15 15 15 15 15 15 15 15 15 15 15 Average Carried 12 | 4 7 8 10 11 14 14 11 11 12 10 14 14 13 14 14 14 14 14 15 14 12 Final Capacity 15 | 8 8 10 15 15 15 15 15 15 15 15 15 15 15 15 15 15 15 15 15 15 5 Final Carried 15 | 7 8 10 13 12 14 15 11 12 12 12 15 15 14 15 15 15 14 15 15 15 1 Class Distribution -------------------- 22% | Mutant 22% | Scavenger-Mutant 19% | Skirmisher 12% | Scavenger-Skirmisher 6% | Scavenger-Tank 4% | Gunner 4% | Scavenger-Assassin 3% | Tank Dominant Class ---------------- Mutant | -10/Materials Scavenger-Mutant | -10/Mines Scavenger-Mutant | -10/Exiles Scavenger-Skirmisher | -9/Mines Scavenger-Mutant | -8/Materials Scavenger-Mutant | -7/Factory Mutant | -7/Lower Caves Mutant | -7/Lower Caves Mutant | -7/Data Miner Mutant | -6/Proximity Caves Skirmisher | -6/Factory Scavenger-Skirmisher | -6/Lower Caves Skirmisher | -6/Lower Caves Mutant | -6/Zion Skirmisher | -5/Proximity Caves Scavenger-Skirmisher | -5/Factory Skirmisher | -5/Extension Gunner | -5/Cetus Scavenger-Tank | -5/Archives Scavenger-Tank | -5/Hub_04(d) Scavenger-Assassin | -4/Factory Resources | -11 -10 -10 -10 -9 -8 -7 -7 -7 -7 -6 -6 -6 -6 -6 -5 -5 -5 -5 -5 -5 -4 ----------- Run | Yrd Mat Min Exi Min Mat Fac Low Low Dat Pro Fac Low Low Zio Pro Fac Ext Cet Arc Hub Fac Matter Collected 4414 | 304 161 80 . . 165 629 263 115 . 58 91 122 293 78 158 357 570 325 145 173 327 Remotely . | . . . . . . . . . . . . . . . . . . . . . . Salvage Created 4074 | 261 431 274 . . 277 399 . 29 . 21 52 78 255 . 118 483 438 84 . 257 617 Parts 209 | 22 20 15 . . 21 27 . . . 3 2 1 16 . 5 14 17 2 . 10 34 Haulers Intercepted 1 | . . . . . . 1 . . . . . . . . . . . . . . . Recyclers Shooed 3 | . 1 . . . . . . . . . 2 . . . . . . . . . . Parts Field Recycled . | . . . . . . . . . . . . . . . . . . . . . . Retrieved Matter . | . . . . . . . . . . . . . . . . . . . . . . Parts Self-Destructed 36 | . . . . . . . 3 5 . 5 . 1 13 . 9 . . . . . . Prevented . | . . . . . . . . . . . . . . . . . . . . . . Kills | -11 -10 -10 -10 -9 -8 -7 -7 -7 -7 -6 -6 -6 -6 -6 -5 -5 -5 -5 -5 -5 -4 ------- Run | Yrd Mat Min Exi Min Mat Fac Low Low Dat Pro Fac Low Low Zio Pro Fac Ext Cet Arc Hub Fac Combat Hostiles Destroyed 80 | . 9 6 . . 4 8 . . . 1 2 2 11 . 3 8 12 1 . 3 10 Guns 33 | . 9 4 . . 4 1 . . . 1 1 . . . 1 3 3 . . 2 4 Cannons 16 | . . 2 . . . . . . . . . . 4 . 1 4 1 . . . 4 AOE 27 | . . . . . . 7 . . . . 1 2 7 . 1 . 8 1 . . . Classes Destroyed 15 | 3 1 1 . . 1 3 1 . . 1 . . 1 . . 1 . 1 . 1 . Worker 7 | 1 1 . . . 2 2 . . . . . . . . . . . . . 1 . Builder 5 | . . . . . 2 1 . . . . . . . . . . 1 . . 1 . Tunneler 9 | 8 . . . . . 1 . . . . . . . . . . . . . . . Hauler 1 | . . . . . . 1 . . . . . . . . . . . . . . . Recycler 3 | 1 . . . . . 1 . . . . . . . . . 1 . . . . . Mechanic 2 | . . . . . . . . . . . . . . . . 1 . . . . 1 Drone 1 | . . . . . . . 1 . . . . . . . . . . . . . . Watcher 1 | . . . . . . . . . . . . . . . . . . 1 . . . Swarmer 15 | . . . . . . . . . . 1 . . 7 . 1 . 3 . . . 3 Grunt 39 | . 9 4 . . 4 3 . . . . 1 2 3 . . 7 4 . . . 2 Brawler 1 | . . . . . . . . . . . . . . . . . . . . 1 . Duelist 4 | . . . . . . . . . . . . . 1 . . 1 1 . . 1 . Sentry 9 | . . 2 . . . 1 . . . . . . . . . . 3 . . 1 2 Hunter 3 | . . . . . . 1 . . . . . . . . 2 . . . . . . Programmer 7 | . . . . . . 3 . . . . 1 . . . . . . . . . 3 Cetus Guard 1 | . . . . . . . . . . . . . . . . . . 1 . . . Decomposer 1 | . . . . . . . . 1 . . . . . . . . . . . . . Butcher 1 | . . . . . . . . . . . . . . . . . 1 . . . . Guerrilla 1 | . . . . . . . . . . . . . . . . . 1 . . . . Best Kill Streak 6 | 4 2 2 . . 4 4 . . . 1 1 2 4 . 1 5 6 2 . 2 3 Combat Bots Only 6 | . 2 2 . . 2 3 . . . 1 1 2 4 . 1 4 6 1 . 2 3 Max Kills in Single Turn 3 | 2 1 1 . . 1 1 1 1 . 1 1 1 3 . 1 2 3 2 . 1 2 Gunslinging . | . . . . . . . . . . . . . . . . . . . . . . Exploded 3 | . . . . . . 1 . . . . 1 1 3 . 1 . 3 1 . . . Melee . | . . . . . . . . . . . . . . . . . . . . . . Uniques/NPCs Destroyed . | . . . . . . . . . . . . . . . . . . . . . . Combat | -11 -10 -10 -10 -9 -8 -7 -7 -7 -7 -6 -6 -6 -6 -6 -5 -5 -5 -5 -5 -5 -4 -------- Run | Yrd Mat Min Exi Min Mat Fac Low Low Dat Pro Fac Low Low Zio Pro Fac Ext Cet Arc Hub Fac Hostile Shots Fired 721 | . 45 27 . . 26 66 . . . 4 9 17 47 . 38 63 74 23 6 47 229 Missed 220 | . 12 4 . . 8 30 . . . 2 4 6 14 . 12 19 24 10 3 13 59 Hits 501 | . 33 23 . . 18 36 . . . 2 5 11 33 . 26 44 50 13 3 34 170 Melee 9 | . . . . . . . . . . . . . 1 . . 2 . . . 6 . Projectile 492 | . 33 23 . . 18 36 . . . 2 5 11 32 . 26 42 50 13 3 28 170 Critical Strikes 26 | . . 1 . . 2 1 . . . . . . 3 . . 2 1 2 . 3 11 Actively Blocked 1 | . . . . . . . . . . . . . . . . . . . . . 1 Part Disruptions 1 | . . . . . . . . . . . . . . . . . . . . . 1 Damage Taken 10939 | . 438 313 . . 721 747 101 9 . 29 81 228 621 . 415 877 1501 346 105 1044 3363 Core 1925 | . 75 45 . . 93 72 . 9 . . 14 . 38 . 84 38 148 29 . 126 1154 Absorbed by Shields 47 | . . . . . . . . . . . . . . . . . 11 36 . . . Redirected to Shielding 30 | . . . . . . . . . . . . . . . . . . . . . 30 Ignored by Resistances 390 | . . . . . . 49 . . . . . . . . . . . . . 85 256 Core Remaining (%) 78 | 100 . . . 52 83 . . . . 88 . . . . 84 . . . . 65 . Volleys Fired 281 | 34 43 16 . . 18 33 . . . 2 14 6 17 1 12 23 13 4 3 13 29 Largest 4 | 2 2 2 . . 2 2 . . . 2 3 3 3 1 3 3 3 3 3 3 4 Hottest 293 | 70 70 125 . . 88 61 . . . 95 131 131 139 20 139 142 115 139 139 190 293 Shots Fired 646 | 68 86 29 . . 35 52 2 . . 4 22 18 52 1 29 66 35 13 9 40 85 Gun 431 | 68 86 21 . . 35 27 . . . 2 15 6 18 1 9 23 20 1 . 35 64 Cannon 153 | . . 8 . . . . . . . 2 4 6 27 . 17 43 7 10 9 5 15 Launcher 62 | . . . . . . 25 2 . . . 3 6 7 . 3 . 8 2 . . 6 Special . | . . . . . . . . . . . . . . . . . . . . . . Kinetic 283 | 34 43 4 . . 27 27 . . . . 11 . 10 . 7 37 20 11 9 16 27 Thermal 301 | 34 43 25 . . 8 . . . . 4 8 12 35 1 19 29 7 . . 24 52 Explosive 56 | . . . . . . 25 2 . . . 3 6 7 . 3 . 8 2 . . . Electromagnetic 6 | . . . . . . . . . . . . . . . . . . . . . 6 Robot Hit Streak 15 | 7 15 4 . . 7 8 . . . 1 6 2 8 . 5 11 6 5 2 12 11 Robot Miss Streak 8 | 3 2 1 . . 2 2 1 . . 3 3 2 4 . 7 8 5 4 5 1 5 Penetration Max 2 | . . . . . . . . . . . . . . . . . . . . 2 1 Secondary Targets 2 | . . . . . 1 . . . . . . . . . . . . . . 1 . Max Gunslinging Chain 1 | . . . . . 1 . . . . . . . . . . . . . . 1 . Shots Hit Robots 413 | 43 66 19 . . 28 37 . . . 1 13 4 34 . 17 37 19 7 6 28 54 Core Hits 279 | 12 27 11 . . 14 28 18 . . 1 6 6 23 . 14 34 31 12 4 10 28 Critical Kills 6 | . . . . . . . . . . . . . . . . 1 . . . 1 4 Critical Parts Destroyed 1 | . . . . . . . . . . . . . . . . . . . . . 1 Critical Strikes 18 | 3 1 . . . 2 . . . . . . . . . . 3 . . . 3 6 Burn 10 | 3 1 . . . 2 . . . . . . . . . . 1 . . . 2 1 Meltdown 2 | . . . . . . . . . . . . . . . . 1 . . . . 1 Destroy 5 | . . . . . . . . . . . . . . . . . . . . 1 4 Blast 1 | . . . . . . . . . . . . . . . . 1 . . . . . Melee Attacks 138 | . . . . . 46 9 . . . . 18 . . . . 2 38 . . 12 13 Impact 22 | . . . . . . . . . . . . . . . . . 1 . . 12 9 Slashing 116 | . . . . . 46 9 . . . . 18 . . . . 2 37 . . . 4 Piercing . | . . . . . . . . . . . . . . . . . . . . . . Sneak Attacks 5 | . . . . . 3 1 . . . . . . . . . . . . . 1 . Combat Hostiles . | . . . . . . . . . . . . . . . . . . . . . . Follow-up Attacks . | . . . . . . . . . . . . . . . . . . . . . . Damage Inflicted 11316 | 471 667 285 . . 570 1227 200 18 . 20 363 312 1207 . 371 1100 1430 549 138 858 1530 Guns 4771 | 471 667 180 . . 370 301 . . . 20 118 38 187 . 133 266 281 16 . 698 1025 Cannons 2579 | . . 105 . . . . . . . . 112 25 502 . 190 834 95 140 138 98 340 Explosions 3603 | . . . . . . 860 200 . . . 133 249 518 . 48 . 1046 393 . . 156 Melee 328 | . . . . . 200 66 . . . . . . . . . . . . . 62 . Ramming 35 | . . . . . . . . 18 . . . . . . . . 8 . . . 9 Kinetic 3484 | 166 266 25 . . 277 301 . . . . 100 . 227 . 65 709 264 156 138 304 486 Thermal 3897 | 305 401 260 . . 93 . . . . 20 130 63 462 . 258 391 112 . . 492 910 Explosive 3421 | . . . . . . 834 200 . . . 133 249 518 . 48 . 1046 393 . . . Electromagnetic 151 | . . . . . . 26 . . . . . . . . . . . . . . 125 Impact 62 | . . . . . . . . . . . . . . . . . . . . 62 . Slashing 266 | . . . . . 200 66 . . . . . . . . . . . . . . . Piercing . | . . . . . . . . . . . . . . . . . . . . . . Highest Corruption 24 | . 1 1 1 1 2 8 8 8 8 8 1 1 1 1 . . 17 17 17 24 17 Average Corruption 6 | . 1 1 1 1 2 1 8 8 8 8 1 1 1 1 . . 16 17 17 21 7 Corruption Purged . | . . . . . . . . . . . . . . . . . . . . . . Corruption Blocked . | . . . . . . . . . . . . . . . . . . . . . . Effects 262 | . 5 13 2 4 2 10 20 24 5 9 1 4 5 4 . . 58 34 17 27 18 Message Errors 44 | . 1 . 1 . . 2 3 4 1 3 . 1 1 1 . . 7 9 4 3 3 Matter Fused 82 | . 1 . 1 2 1 2 8 11 2 3 . 1 . 1 . . 21 12 8 3 5 Heat Flow Errors 34 | . 1 2 . 2 . 1 3 3 . . . 1 1 . . . 10 3 1 3 3 Energy Discharges 33 | . 2 3 . . 1 2 2 2 1 . . 1 . 1 . . 5 3 2 7 1 Parts Rejected 3 | . . . . . . . . . . . . . . . . . . . . 1 2 Parts Fused 3 | . . . . . . . . . . . . . . 1 . . . 1 . 1 . Data Loss (minor) 24 | . . 3 . . . 1 2 . 1 3 . . . . . . 10 1 1 2 . Data Loss (major) 15 | . . 2 . . . 1 . 4 . . 1 . 1 . . . 3 1 1 1 . Misfires 13 | . . . . . . 1 2 . . . . . 1 . . . 1 3 . 4 1 Alerts 4 | . . 2 . . . . . . . . . . 1 . . . . . . 1 . Misdirections 4 | . . . . . . . . . . . . . . . . . 1 . . . 3 Weapon Failures 3 | . . 1 . . . . . . . . . . . . . . . 1 . 1 . Overload Shots . | . . . . . . . . . . . . . . . . . . . . . . Overflow Damage 183 | . . . . . 32 18 33 10 . . 17 . 12 . . . 2 . . 50 9 Projectiles 41 | . . . . . . . . . . . 17 . 7 . . . . . . 8 9 Explosions 58 | . . . . . . 18 33 . . . . . 5 . . . 2 . . . . Melee 84 | . . . . . 32 . . 10 . . . . . . . . . . . 42 . Knockbacks 31 | . . . . . . . . . . . . . 7 . 1 21 1 . . 1 . Impact 1 | . . . . . . . . . . . . . . . . . . . . 1 . Kinetic 29 | . . . . . . . . . . . . . 7 . 1 20 1 . . . . Secondary 1 | . . . . . . . . . . . . . . . . 1 . . . . . Self-Inflicted Damage 415 | . . . . . . 78 89 9 . . . 41 19 . 23 . 39 40 . . 77 Shots 12 | . . . . . . 2 2 . . . . 1 1 . 1 . 1 1 . . 3 Rammed 6 | . . . . . . . . 1 . . . . . . . . 2 . . . 3 Targets Rammed 6 | . . . . . . . . 1 . . . . . . . . 2 . . . 3 Kicked . | . . . . . . . . . . . . . . . . . . . . . . Crushed . | . . . . . . . . . . . . . . . . . . . . . . Highest Temperature 975 | 130 238 264 . 97 172 122 246 280 . 102 78 208 182 . 27 63 239 166 51 317 975 Average Temperature 132 | 39 76 105 . 49 81 20 104 108 . 52 36 63 54 . 11 24 91 73 30 118 342 Received Heat Transfer 1905 | . 243 150 . . 180 78 . . . . 18 36 252 . . 378 94 4 . 126 346 Effects 66 | . . . . . . . . . . . . . . . . . . . . 1 65 Shutdowns 18 | . . . . . . . . . . . . . . . . . . . . . 18 Energy Bleed 7 | . . . . . . . . . . . . . . . . . . . . 1 6 Interference 7 | . . . . . . . . . . . . . . . . . . . . . 7 Matter Decay 9 | . . . . . . . . . . . . . . . . . . . . . 9 Short Circuit 4 | . . . . . . . . . . . . . . . . . . . . . 4 Damage (minor) 10 | . . . . . . . . . . . . . . . . . . . . . 10 Damage (major) 10 | . . . . . . . . . . . . . . . . . . . . . 10 Damage (core) 1 | . . . . . . . . . . . . . . . . . . . . . 1 Siege Activations . | . . . . . . . . . . . . . . . . . . . . . . Martial Activations . | . . . . . . . . . . . . . . . . . . . . . . Shielding Activations . | . . . . . . . . . . . . . . . . . . . . . . Robots Disrupted . | . . . . . . . . . . . . . . . . . . . . . . Combat Hostiles . | . . . . . . . . . . . . . . . . . . . . . . Robots Corrupted 1 | . . . . . . . . . . . . . . . . . . . . 1 . Combat Hostiles . | . . . . . . . . . . . . . . . . . . . . . . Parts Fried 5 | . . . . . . . . 1 . . . . . . . . . 1 . 3 . Impact Corruptions 3 | . . . . . . . . 1 . . . . . . . . . . . 2 . Robots Melted 4 | . . . . . . . . . . . . . . . . 1 . . . 1 2 Combat Hostiles 4 | . . . . . . . . . . . . . . . . 1 . . . 1 2 Parts Melted 22 | 4 3 1 . . 1 . . . . . . . 1 . 1 1 . . . 3 7 Heat Transferred 8425 | 1110 1258 629 . . 370 . . . . 37 185 111 777 . 444 777 222 . . 962 1543 Parts Sabotaged . | . . . . . . . . . . . . . . . . . . . . . . Parts Stolen . | . . . . . . . . . . . . . . . . . . . . . . Parts Stripped . | . . . . . . . . . . . . . . . . . . . . . . Power Chain Reactions 1 | . . . . . . . . . . . . . . . . . . . . . 1 Alert | -11 -10 -10 -10 -9 -8 -7 -7 -7 -7 -6 -6 -6 -6 -6 -5 -5 -5 -5 -5 -5 -4 ------- Run | Yrd Mat Min Exi Min Mat Fac Low Low Dat Pro Fac Low Low Zio Pro Fac Ext Cet Arc Hub Fac Maximum Alert Level 2 | . . . . . . . . . . . . . . . . 2 1 1 1 2 1 Low Security (%) 86 | 100 100 100 . 100 100 100 . . . . 100 . . . . 25 79 91 91 25 88 Level 1 8 | . . . . . . . . . . . . . . . . 38 20 8 8 3 11 Level 2 4 | . . . . . . . . . . . . . . . . 35 . . . 71 . Level 3 . | . . . . . . . . . . . . . . . . . . . . . . Level 4 . | . . . . . . . . . . . . . . . . . . . . . . Level 5 . | . . . . . . . . . . . . . . . . . . . . . . High Security . | . . . . . . . . . . . . . . . . . . . . . . Max Security . | . . . . . . . . . . . . . . . . . . . . . . Peak Influence 615 | 20 50 160 . . 45 155 . . . . 38 . . . . 482 313 222 211 615 246 Initial 300 | . . 10 . . . 4 . . . . . . . . . 300 69 160 58 21 242 Average 83 | 1 15 37 . . 5 39 . . . . 4 . . . . 306 75 129 129 401 123 Influence Increases 5144 | 50 254 313 . . 167 437 . . . 20 135 55 250 . 137 604 733 403 213 851 522 Destroy 0b10 Robot/C 2240 | . 180 160 . . 80 160 . . . 20 40 40 220 . 100 160 380 160 80 260 200 Destroy 0b10 Robot/NC 180 | 50 5 . . . 20 30 . . . . . . . . 10 10 10 10 . 30 5 Destroy Leader 334 | . 40 30 . . 10 62 . . . . 10 . 30 . 10 20 22 . . 50 50 Allied During Kill 495 | . . 12 . . . . . . . . . . . . 17 . 38 106 80 242 . Successful Hack 112 | . 14 . . . 4 . . . . . 37 . . . . . 20 23 . . 14 Disable Machine 420 | . . 90 . . . 105 . . . . 15 . . . . 30 15 . 45 45 75 Anti-Garrison Action 150 | . . . . . . . . . . . . . . . . . . . . 150 . Destroy Structure 628 | . . 21 . . 38 80 . . . . 33 . . . . 24 158 104 8 74 88 Advance Influence 300 | . . . . . . . . . . . . . . . . 300 . . . . . Partial Spotted 15 | . . . . . . . . . . . . . . . . . . . . . 15 Lose Combat Pursuer 270 | . 15 . . . 15 . . . . . . 15 . . . 60 90 . . . 75 Influence Decreases 4988 | 50 225 298 44 . 156 397 51 . . 20 127 63 250 . 137 462 588 545 297 416 862 Entered New Map 675 | . . 19 44 . . 7 20 . . . . 4 . . . . 73 127 87 40 254 Time Decay 3502 | 50 225 249 . . 144 325 31 . . 20 126 59 190 . 117 262 482 318 190 246 468 Search Patrol Dispatched 150 | . . . . . . . . . . . . . . . . 150 . . . . . Lost Part 440 | . . 30 . . 12 65 . . . . . . 60 . 20 50 13 20 . 30 140 Lost Ally 221 | . . . . . . . . . . . 1 . . . . . 20 80 20 100 . Squads Dispatched 23 | . 1 . . . 1 4 . . . . 2 . . . . . . . . 5 10 Investigation 3 | . 1 . . . 1 . . . . . . . . . . . . . . . 1 Extermination 9 | . . . . . . 3 . . . . 2 . . . . . . . . . 4 Reinforcement 6 | . . . . . . 1 . . . . . . . . . . . . . 3 2 Assault 2 | . . . . . . . . . . . . . . . . . . . . 2 . Garrison 3 | . . . . . . . . . . . . . . . . . . . . . 3 Intercept . | . . . . . . . . . . . . . . . . . . . . . . Searches Triggered 1 | . . . . . . . . . . . . . . . . 1 . . . . . Data Miner Redirects 1 | . . . . . . . . . . . . . . . . . . . . 1 . Construction Impeded 3 | . . . . . . . . . . . . . . . . . . . . 2 1 Haulers Reinforced 2 | . . . . . . 1 . . . . . . . . . . . . . 1 . Active Scanning Responses . | . . . . . . . . . . . . . . . . . . . . . . Cargo Convoy Interrupts 1 | . . . . . . 1 . . . . . . . . . . . . . . . Stealth | -11 -10 -10 -10 -9 -8 -7 -7 -7 -7 -6 -6 -6 -6 -6 -5 -5 -5 -5 -5 -5 -4 --------- Run | Yrd Mat Min Exi Min Mat Fac Low Low Dat Pro Fac Low Low Zio Pro Fac Ext Cet Arc Hub Fac Distress Signals 11 | . 1 . . . 1 . . . . . . . . . . 1 1 2 1 4 . Communications Jammed . | . . . . . . . . . . . . . . . . . . . . . . Distress Signals . | . . . . . . . . . . . . . . . . . . . . . . Times Spotted 155 | . 14 8 . . 7 9 3 1 . 1 2 3 10 . 4 12 21 7 6 19 28 Peak Tracking Total 10 | . 4 2 . . 3 2 3 . . 1 1 2 4 . 3 5 7 5 1 4 10 Tactical Retreats 13 | . 1 . . . 1 . . . . . . 1 . . . 1 5 . . . 4 Traps | -11 -10 -10 -10 -9 -8 -7 -7 -7 -7 -6 -6 -6 -6 -6 -5 -5 -5 -5 -5 -5 -4 ------- Run | Yrd Mat Min Exi Min Mat Fac Low Low Dat Pro Fac Low Low Zio Pro Fac Ext Cet Arc Hub Fac Traps Triggered 5 | . 1 . . . 1 . . . . . . . . . . . 2 . . . 1 Indirectly . | . . . . . . . . . . . . . . . . . . . . . . Trap Hack Attempts . | . . . . . . . . . . . . . . . . . . . . . . Triggered . | . . . . . . . . . . . . . . . . . . . . . . Disarmed . | . . . . . . . . . . . . . . . . . . . . . . Reprogrammed . | . . . . . . . . . . . . . . . . . . . . . . Reused . | . . . . . . . . . . . . . . . . . . . . . . Traps Extracted . | . . . . . . . . . . . . . . . . . . . . . . Installed . | . . . . . . . . . . . . . . . . . . . . . . Triggered . | . . . . . . . . . . . . . . . . . . . . . . Machines | -11 -10 -10 -10 -9 -8 -7 -7 -7 -7 -6 -6 -6 -6 -6 -5 -5 -5 -5 -5 -5 -4 ---------- Run | Yrd Mat Min Exi Min Mat Fac Low Low Dat Pro Fac Low Low Zio Pro Fac Ext Cet Arc Hub Fac Machines Disabled 30 | . . 7 . . . 7 . . . . 1 . . . . 2 1 . 3 4 5 Max in Single Turn 6 | . . 6 . . . 2 . . . . 1 . . . . 1 1 . . 1 2 Garrison Access 1 | . . . . . . . . . . . . . . . . . . . . 1 . Machines Repaired . | . . . . . . . . . . . . . . . . . . . . . . Machines Dismantled . | . . . . . . . . . . . . . . . . . . . . . . Machines Sabotaged . | . . . . . . . . . . . . . . . . . . . . . . Overloaded Fab Kills . | . . . . . . . . . . . . . . . . . . . . . . Hacking | -11 -10 -10 -10 -9 -8 -7 -7 -7 -7 -6 -6 -6 -6 -6 -5 -5 -5 -5 -5 -5 -4 --------- Run | Yrd Mat Min Exi Min Mat Fac Low Low Dat Pro Fac Low Low Zio Pro Fac Ext Cet Arc Hub Fac Machines Accessed 35 | . 5 1 1 . 4 1 1 . 4 . 3 . . . . 3 4 3 1 3 1 Terminals 24 | . 5 . . . 2 1 . . . . 3 . . . . 2 4 3 . 3 1 Fabricators . | . . . . . . . . . . . . . . . . . . . . . . Repair Stations 2 | . . . . . 1 . . . . . . . . . . 1 . . . . . Recycling Units . | . . . . . . . . . . . . . . . . . . . . . . Scanalyzers 1 | . . . . . 1 . . . . . . . . . . . . . . . . Garrison Access . | . . . . . . . . . . . . . . . . . . . . . . Total Hacks 91 | . 14 1 1 . 12 2 1 . 28 . 7 . . . . 4 7 7 1 4 2 Successful 57 | . 6 1 1 . 7 . 1 . 28 . 4 . . . . 1 2 4 1 . 1 Failed 34 | . 8 . . . 5 2 . . . . 3 . . . . 3 5 3 . 4 1 Catastrophic 7 | . 1 . . . 1 . . . . . 1 . . . . . 1 1 . 2 . Database Lockouts . | . . . . . . . . . . . . . . . . . . . . . . Manual 46 | . 13 . 1 . 5 2 . . . . 7 . . . . 3 7 2 . 4 2 Terminals 53 | . 14 . . . 7 2 . . . . 7 . . . . 3 7 7 . 4 2 Fabricators . | . . . . . . . . . . . . . . . . . . . . . . Repair Stations 3 | . . . . . 2 . . . . . . . . . . 1 . . . . . Recycling Units . | . . . . . . . . . . . . . . . . . . . . . . Scanalyzers 3 | . . . . . 3 . . . . . . . . . . . . . . . . Garrison Access . | . . . . . . . . . . . . . . . . . . . . . . Terminal Hacks 41 | . 3 1 1 . 1 . 1 . 28 . 1 . . . . . . 4 1 . . Record 17 | . . . . . 1 . . . 11 . . . . . . . . 4 1 . . Part Schematic 9 | . . . . . . . . . 9 . . . . . . . . . . . . Robot Schematic 5 | . . . . . . . . . 5 . . . . . . . . . . . . Prototype ID Bank 3 | . . . . . . . . . 3 . . . . . . . . . . . . Open Door 2 | . . 1 . . . . 1 . . . . . . . . . . . . . . Branch Access Points 3 | . 2 . . . . . . . . . 1 . . . . . . . . . . Hauler Manifests 1 | . 1 . . . . . . . . . . . . . . . . . . . . Proto ID Catalog 1 | . . . 1 . . . . . . . . . . . . . . . . . . Fabricator Hacks . | . . . . . . . . . . . . . . . . . . . . . . Repair Station Hacks 1 | . . . . . 1 . . . . . . . . . . . . . . . . Scan Component 1 | . . . . . 1 . . . . . . . . . . . . . . . . Recycling Unit Hacks . | . . . . . . . . . . . . . . . . . . . . . . Scanalyzer 3 | . . . . . 3 . . . . . . . . . . . . . . . . Insert Component 3 | . . . . . 3 . . . . . . . . . . . . . . . . Garrison Access Hacks . | . . . . . . . . . . . . . . . . . . . . . . Unauthorized Hacks 12 | . 3 . . . 2 . . . . . 3 . . . . 1 2 . . . 1 Terminals 12 | . 3 . . . 2 . . . . . 3 . . . . 1 2 . . . 1 Botnet 12 | . 3 . . . 2 . . . . . 3 . . . . 1 2 . . . 1 Fabricators . | . . . . . . . . . . . . . . . . . . . . . . Repair Stations . | . . . . . . . . . . . . . . . . . . . . . . Recycling Units . | . . . . . . . . . . . . . . . . . . . . . . Scanalyzers . | . . . . . . . . . . . . . . . . . . . . . . Garrison Access . | . . . . . . . . . . . . . . . . . . . . . . Data Cores Recovered . | . . . . . . . . . . . . . . . . . . . . . . Used . | . . . . . . . . . . . . . . . . . . . . . . Hacking Detections 23 | . 3 . . . 3 1 . . . . 3 . . . . 2 4 3 . 3 1 Full Trace Events 2 | . 2 . . . . . . . . . . . . . . . . . . . . Feedback Events . | . . . . . . . . . . . . . . . . . . . . . . Feedback Blocked . | . . . . . . . . . . . . . . . . . . . . . . Robot Schematics Acquired 5 | . . . . . . . . . 5 . . . . . . . . . . . . Robots Built . | . . . . . . . . . . . . . . . . . . . . . . Authchips . | . . . . . . . . . . . . . . . . . . . . . . Time . | . . . . . . . . . . . . . . . . . . . . . . Total Robot Build Rating . | . . . . . . . . . . . . . . . . . . . . . . Part Schematics Acquired 9 | . . . . . . . . . 9 . . . . . . . . . . . . Parts Built . | . . . . . . . . . . . . . . . . . . . . . . Authchips . | . . . . . . . . . . . . . . . . . . . . . . Time . | . . . . . . . . . . . . . . . . . . . . . . Total Part Build Rating . | . . . . . . . . . . . . . . . . . . . . . . Parts Repaired . | . . . . . . . . . . . . . . . . . . . . . . Time . | . . . . . . . . . . . . . . . . . . . . . . Parts Recycled . | . . . . . . . . . . . . . . . . . . . . . . Recycled Matter . | . . . . . . . . . . . . . . . . . . . . . . Retrieved Matter . | . . . . . . . . . . . . . . . . . . . . . . Retrieved Components . | . . . . . . . . . . . . . . . . . . . . . . Parts Scanalyzed . | . . . . . . . . . . . . . . . . . . . . . . Part Schematics Acquired . | . . . . . . . . . . . . . . . . . . . . . . Parts Damaged . | . . . . . . . . . . . . . . . . . . . . . . Bothacking | -11 -10 -10 -10 -9 -8 -7 -7 -7 -7 -6 -6 -6 -6 -6 -5 -5 -5 -5 -5 -5 -4 ------------ Run | Yrd Mat Min Exi Min Mat Fac Low Low Dat Pro Fac Low Low Zio Pro Fac Ext Cet Arc Hub Fac Used RIF Installer . | . . . . . . . . . . . . . . . . . . . . . . Robots Hacked . | . . . . . . . . . . . . . . . . . . . . . . Non-combat . | . . . . . . . . . . . . . . . . . . . . . . Combat . | . . . . . . . . . . . . . . . . . . . . . . Robot Hacks Applied . | . . . . . . . . . . . . . . . . . . . . . . Relay Couplers Released 2 | . . . . . . . . . . . . . . . . . . . . 2 . Machine Destruction 2 | . . . . . . . . . . . . . . . . . . . . 2 . Fabnet Peak Effective % . | . . . . . . . . . . . . . . . . . . . . . . Robots Rewired . | . . . . . . . . . . . . . . . . . . . . . . Allies Hacked . | . . . . . . . . . . . . . . . . . . . . . . Hacks Repelled . | . . . . . . . . . . . . . . . . . . . . . . Allies | -11 -10 -10 -10 -9 -8 -7 -7 -7 -7 -6 -6 -6 -6 -6 -5 -5 -5 -5 -5 -5 -4 -------- Run | Yrd Mat Min Exi Min Mat Fac Low Low Dat Pro Fac Low Low Zio Pro Fac Ext Cet Arc Hub Fac Total Allies 20 | . . 3 . . . . . . . . . . . 4 . . 8 5 . . . Largest Group 7 | . . 2 2 . . . . . . . . . . 4 4 . 6 7 7 5 . Highest-Rated Group 678 | . . 47 47 . . . . . . . . . . 87 87 . 318 678 666 461 . Highest-Rated Ally 159 | . . 31 31 . . . . . . . . . . 28 28 . 159 159 159 96 . Total Orders . | . . . . . . . . . . . . . . . . . . . . . . Ally Attacks 263 | . . 31 . . . . 4 9 . 2 1 . . . 14 . 38 54 33 77 . Total Damage 7390 | . . 486 . . . . . . . . . . . . 264 . 747 2032 833 3028 . Kills 40 | . . 2 . . . . . . . . . . . . 4 . 8 8 4 14 . Allies Corrupted 1 | . . . . . . . . . . . . . . . . . . . . 1 . Allies Melted . | . . . . . . . . . . . . . . . . . . . . . . Intel | -11 -10 -10 -10 -9 -8 -7 -7 -7 -7 -6 -6 -6 -6 -6 -5 -5 -5 -5 -5 -5 -4 ------- Run | Yrd Mat Min Exi Min Mat Fac Low Low Dat Pro Fac Low Low Zio Pro Fac Ext Cet Arc Hub Fac Active Infowar (turns) 11511 | . 800 1279 735 284 131 469 604 . . . 243 765 1077 1927 767 567 1235 . . . 628 Optics 2 | . . . . . . . . . . . . . . 2 . . . . . . . Sensors 7567 | . . . . . . . 604 . . . . 765 1077 1927 767 567 1232 . . . 628 IFF 495 | . . . . . . . . . . . 243 104 . . . 148 . . . . . Terrain 4122 | . 800 1279 735 284 131 469 . . . . . . . . 363 61 . . . . . Decoding 1802 | . . . . . . . . . . . . . . . . 567 1235 . . . . Robot Analysis Total . | . . . . . . . . . . . . . . . . . . . . . . Derelict Logs Recovered 11 | . . 2 . 1 . . 2 . . 1 . 1 1 1 2 . . . . . . Drone Launches 18 | . . . . . . . 17 . . 1 . . . . . . . . . . . Drone Recoveries 1 | . . . . . . . . . . 1 . . . . . . . . . . . Decoded 0b10 Intel 11 | . . . . . . . . . . . . . . . . 8 3 . . . . Patrols 8 | . . . . . . . . . . . . . . . . 5 3 . . . . Guards 3 | . . . . . . . . . . . . . . . . 3 . . . . . Exploration | -11 -10 -10 -10 -9 -8 -7 -7 -7 -7 -6 -6 -6 -6 -6 -5 -5 -5 -5 -5 -5 -4 ------------- Run | Yrd Mat Min Exi Min Mat Fac Low Low Dat Pro Fac Low Low Zio Pro Fac Ext Cet Arc Hub Fac Turns Passed 18942 | 331 834 1295 735 284 1141 1165 658 634 162 343 800 765 1077 1927 767 567 2602 715 396 527 1217 Spaces Moved 10874 | 186 473 758 461 144 639 583 464 420 109 203 390 448 663 1280 528 339 1232 309 237 260 748 Core 249 | 10 . . . . . . . . . . . . . . . . . . . . 239 Treads 1013 | . . . . . . . . . . . . . . . . . . 54 237 260 462 Legs 3969 | 176 473 758 461 144 639 462 . . . . . . . . . . 585 255 . . 16 Wheels 5612 | . . . . . . 121 464 420 109 203 390 448 663 1280 528 339 647 . . . . Hover . | . . . . . . . . . . . . . . . . . . . . . . Flight 31 | . . . . . . . . . . . . . . . . . . . . . 31 Fastest Speed 35 | 50 120 120 120 190 120 120 120 150 150 150 165 165 150 135 120 120 120 160 160 160 35 Average Speed 151 | 118 120 150 158 190 120 168 140 150 150 163 165 165 150 148 133 120 185 213 160 160 125 Slowest Speed 540 | 200 120 190 190 190 190 260 150 150 150 165 165 165 150 150 165 120 220 540 160 160 240 Overloaded Moves . | . . . . . . . . . . . . . . . . . . . . . . Propulsion Burnouts . | . . . . . . . . . . . . . . . . . . . . . . Robots Hopped . | . . . . . . . . . . . . . . . . . . . . . . Potential Cave-ins 44 | . . . . . 7 . . . . . . 3 . . . . 34 . . . . Cave-ins Triggered 6 | . . . . . 1 1 . . . . . . . . . . 3 . . 1 . Exploration Rate (%) 52 | 7 63 100 69 32 39 13 61 68 75 48 11 66 64 88 60 7 77 69 98 26 19 Regions Visited 21 Branch Regions 15 Pre-discovered Areas 3 | . . 1 . . . . . . 1 . . 1 . . . . . . . . . Known Exits Taken 16 | . 1 . . . 1 . 1 1 1 1 1 1 1 1 1 1 1 1 1 1 . Unknown Exits Taken 5 | 1 . 1 1 1 . 1 . . . . . . . . . . . . . . . Scrap Searched 14 | . . 3 . . . . 1 2 . 2 . 1 2 2 1 . . . . . . Spaces Dug 205 | . . . . . 43 7 . . . . 18 42 14 . . 2 51 . . 14 14 Terrain Destroyed 675 | . . 21 . . 43 90 31 . . . 43 67 70 . 25 11 160 52 2 23 37 Melee 128 | . . . . . 43 7 . . . . 18 . . . . 2 34 . . 11 13 Projectile 36 | . . . . . . . . . . . 1 1 1 . . 9 2 4 2 12 4 AOE 511 | . . 21 . . . 83 31 . . . 24 66 69 . 25 . 124 48 . . 20 Terrain Rammed . | . . . . . . . . . . . . . . . . . . . . . . Walls Destroyed . | . . . . . . . . . . . . . . . . . . . . . . Machines Disabled . | . . . . . . . . . . . . . . . . . . . . . . Actions | -11 -10 -10 -10 -9 -8 -7 -7 -7 -7 -6 -6 -6 -6 -6 -5 -5 -5 -5 -5 -5 -4 --------- Run | Yrd Mat Min Exi Min Mat Fac Low Low Dat Pro Fac Low Low Zio Pro Fac Ext Cet Arc Hub Fac Total 12513 | 232 669 884 469 155 907 696 471 424 108 209 497 458 704 1310 561 440 1461 355 248 316 939 Wait 850 | . 119 94 . 9 152 53 2 1 . . 53 . 17 11 8 55 114 18 4 20 120 Move 10852 | 185 472 757 460 143 638 582 463 420 108 202 389 447 662 1279 527 338 1229 308 236 259 748 Hop . | . . . . . . . . . . . . . . . . . . . . . . Pick Up 95 | 6 9 4 4 1 18 4 . 1 . 2 8 1 2 4 1 6 13 4 1 3 3 Fast Attach 40 | 6 . . . . 1 2 1 . . 1 . . 1 5 7 2 4 4 . 1 5 Attach 52 | . 1 3 . 2 6 2 4 1 . 2 3 1 3 1 1 5 4 4 . 2 7 Detach 8 | . . . . . . 1 1 1 . . . . . 3 1 . . 1 . . . Swap 92 | 1 10 6 1 . 12 7 . . . . 7 3 2 1 2 8 13 5 2 5 7 Drop 86 | . 15 4 4 . 16 3 . . . . 5 . . 5 2 1 17 7 2 1 4 Fire 281 | 34 43 16 . . 18 33 . . . 2 14 6 17 1 12 23 13 4 3 13 29 Melee 137 | . . . . . 46 9 . . . . 18 . . . . 2 37 . . 12 13 Ram 5 | . . . . . . . . . . . . . . . . . 2 . . . 3 Kick . | . . . . . . . . . . . . . . . . . . . . . . Crush . | . . . . . . . . . . . . . . . . . . . . . . Escape Stasis 15 | . . . . . . . . . . . . . . . . . 15 . . . . Rewire . | . . . . . . . . . . . . . . . . . . . . . . Trap . | . . . . . . . . . . . . . . . . . . . . . . Miscellaneous . | . . . . . . . . . . . . . . . . . . . . . . Route ------- -11/Scrapyard -10/Materials (discovered 5 exits: [*Mat x2] / *Min x2 / [*Sub]) -10/Mines (discovered 4 exits: [*Mat x2] / *Exi / [*Sub]) -10/Exiles -9/Mines -8/Materials -7/Factory -7/Lower Caves -7/Lower Caves -7/Data Miner -6/Proximity Caves -6/Factory (discovered 5 exits: Fac x3 / *Low x2) -6/Lower Caves -6/Lower Caves -6/Zion -5/Proximity Caves -5/Factory -5/Extension (discovered 2 exits: *Fac / *Cet) -5/Cetus (discovered 2 exits: *Fac / *Arc) -5/Archives (discovered 3 exits: *Fac / *Hub x2) -5/Hub_04(d) (discovered 2 exits: *Fac x2) -4/Factory History --------- Turn | Location | Event 2 | -11/Scrapyard | Met Revision 17 20 | -11/Scrapyard | Discovered new exit (range 15) 332 | -11/Scrapyard | Entered Materials 333 | -10/Materials | Build established: Mutant 524 | -10/Materials | Discovered new exit (range 15) 587 | -10/Materials | Discovered new exit (range 8) 649 | -10/Materials | Identified exit to Mines 827 | -10/Materials | Discovered new exit (range 12) 1130 | -10/Materials | Discovered new exit (range 11) 1166 | -10/Materials | Entered Mines 1169 | -10/Mines | Received a Mining Laser from a helpful Derelict 1186 | -10/Mines | Build established: Scavenger-Mutant 1325 | -10/Mines | Learned location of Zion (-6) 1387 | -10/Mines | Discovered new exit (range 11) 1491 | -10/Mines | Found a hidden stash of uninstalled traps 1503 | -10/Mines | Discovered new exit (range 10) 1506 | -10/Mines | Learned 2 Materials zone layouts 1623 | -10/Mines | Discovered new exit (range 6) 1671 | -10/Mines | Deemed a non-threat by the Exiles lab entrance 1672 | -10/Mines | Discovered new exit (range 5) 2207 | -10/Mines | Found the Drone Emporium 2232 | -10/Mines | Found Prototype Device 2461 | -10/Mines | Entered Exiles 2461 | -10/Exiles | Accompanied by 2 allies 2491 | -10/Exiles | Led the pair of lost Derelicts to a safe place 2507 | -10/Exiles | Met 8R-AWN 2539 | -10/Exiles | Met EX-HEX 2592 | -10/Exiles | Met EX-BIN 2607 | -10/Exiles | Aligned with FarCom system 2608 | -10/Exiles | Given EX-Vault access code 2657 | -10/Exiles | Opened EX-Vault 2669 | -10/Exiles | Found Supersonic Drone Bay 2694 | -10/Exiles | Warned to stay clear of 0b10 Research branches 2730 | -10/Exiles | Met EX-DEC 2871 | -10/Exiles | Discovered new exit (range 14) 3196 | -10/Exiles | Left Exiles lab with Supersonic Drone Bay 3196 | -10/Exiles | Entered Mines 3227 | -9/Mines | Discovered new exit (range 9) 3349 | -9/Mines | Found a damaged Exp. Sensor Array with a note attached 3352 | -9/Mines | Found Prototype Device 3361 | -9/Mines | Learned Materials stockpile data 3480 | -9/Mines | Entered Materials 3480 | -8/Materials | Evolved 4 slots: Propulsion x2, Utility x2 3481 | -8/Materials | Identified exit to Factory 3502 | -8/Materials | Build established: Scavenger-Skirmisher 3912 | -8/Materials | Build established: Scavenger-Mutant 4331 | -8/Materials | Identified Exp. Sensor Array 4331 | -8/Materials | Identified Bomb Drone Bay 4490 | -8/Materials | Crushed by falling debris 4596 | -8/Materials | Build established: Mutant 4621 | -8/Materials | Entered Factory 4621 | -7/Factory | Evolved 2 slots: Power x1, Utility x1 5092 | -7/Factory | Build established: Scavenger-Mutant 5598 | -7/Factory | Allied Derelicts ambushed cargo convoy from Garrison Access 5598 | -7/Factory | Cargo convoy interrupted 5649 | -7/Factory | Discovered new exit (range 15) 5761 | -7/Factory | Crushed by falling debris 5786 | -7/Factory | Entered Lower Caves 5787 | -7/Lower Caves | Encountered a Warlord checkpoint 5792 | -7/Lower Caves | Lost 4 parts (1p3u) 5847 | -7/Lower Caves | Learned location of 2 exits from Factory 5854 | -7/Lower Caves | Learned 12 Factory zone layouts 5910 | -7/Lower Caves | Lost 3 allies 6042 | -7/Lower Caves | Build established: Mutant 6374 | -7/Lower Caves | Discovered new exit (range 10) 6401 | -7/Lower Caves | Identified exit to Lower Caves 6444 | -7/Lower Caves | Entered another Lower Caves area 6444 | -7/Lower Caves | Accompanied by 12 allies 6572 | -7/Lower Caves | Lost 3 allies 6623 | -7/Lower Caves | Lost 5 allies 7063 | -7/Lower Caves | Discovered new exit (range 10) 7076 | -7/Lower Caves | Identified exit to Data Miner 7078 | -7/Lower Caves | Entered Data Miner 7078 | -7/Data Miner | Accompanied by 3 allies 7078 | -7/Data Miner | Discovered new exit (range 6) 7107 | -7/Data Miner | Met Data Miner 7158 | -7/Data Miner | Learned location of Section 7 (-2) 7158 | -7/Data Miner | Acquired the access code to Warlord's prototype stash 7186 | -7/Data Miner | Received God Mode back door access code from Data Miner 7236 | -7/Data Miner | Identified exit to Proximity Caves 7240 | -7/Data Miner | Entered Proximity Caves 7240 | -6/Proximity Caves | Accompanied by 3 allies 7428 | -6/Proximity Caves | Learned Factory stockpile data 7560 | -6/Proximity Caves | Discovered new exit (range 15) 7581 | -6/Proximity Caves | Identified exit to Factory 7583 | -6/Proximity Caves | Entered Factory 7583 | -6/Factory | Accompanied by 1 ally 7583 | -6/Factory | Evolved 2 slots: Utility x1, Weapon x1 7584 | -6/Factory | Identified exit to Factory 7585 | -6/Factory | Identified exit to Lower Caves 8383 | -6/Factory | Entered Lower Caves 8493 | -6/Lower Caves | Spotted B-75 Beast 8793 | -6/Lower Caves | Build established: Scavenger-Skirmisher 9135 | -6/Lower Caves | Discovered new exit (range 8) 9145 | -6/Lower Caves | Identified exit to Lower Caves 9148 | -6/Lower Caves | Entered another Lower Caves area 9240 | -6/Lower Caves | Lost 6 parts (2p3n1u) 9247 | -6/Lower Caves | Learned 4 Factory zone layouts 9437 | -6/Lower Caves | Build established: Skirmisher 9554 | -6/Lower Caves | Discovered new exit (range 12) 9569 | -6/Lower Caves | Identified exit to Zion 10225 | -6/Lower Caves | Entered Zion 10272 | -6/Zion | Discovered new exit (range 13) 10290 | -6/Zion | Identified exit to Proximity Caves 10377 | -6/Zion | Found Prototype Processor 10377 | -6/Zion | Identified Exp. Target Analyzer 10380 | -6/Zion | Found Prototype Processor 10380 | -6/Zion | Identified Exp. Signal Interpreter 10386 | -6/Zion | Found Prototype Processor 10386 | -6/Zion | Identified Spectral Analyzer 10390 | -6/Zion | Found Prototype Processor 10390 | -6/Zion | Identified Exp. Armor Integrity Analyzer 10398 | -6/Zion | Found Exp. Armor Integrity Analyzer 10501 | -6/Zion | System corruption cleaned by Quarantine Array 10667 | -6/Zion | Build established: Mutant 10835 | -6/Zion | Learned location of 1 exit from Lower Caves 10976 | -6/Zion | Rebuked by Imprinter 11093 | -6/Zion | Given A8's code to call for help 11502 | -6/Zion | Gained Derelict followers 11692 | -6/Zion | Build established: Skirmisher 12152 | -6/Zion | Entered Proximity Caves 12152 | -5/Proximity Caves | Accompanied by 4 allies 12311 | -5/Proximity Caves | Attracted the attention of an 0b10 checkpoint 12356 | -5/Proximity Caves | Spotter reported a threat 12418 | -5/Proximity Caves | Spotter reported a threat 12480 | -5/Proximity Caves | Learned Factory stockpile data 12515 | -5/Proximity Caves | Lost 3 allies 12561 | -5/Proximity Caves | Lost 4 parts (1p2n1w) 12632 | -5/Proximity Caves | Learned 4 Factory zone layouts 12836 | -5/Proximity Caves | Discovered exit to Factory (range 9) 12860 | -5/Proximity Caves | Build established: Scavenger-Skirmisher 12919 | -5/Proximity Caves | Entered Factory 12919 | -5/Factory | Evolved 2 slots: Utility x2 13048 | -5/Factory | Lost 3 parts (2u1w) 13219 | -5/Factory | Search patrols dispatched 13475 | -5/Factory | Discovered new exit (range 10) 13485 | -5/Factory | Identified exit to Extension 13486 | -5/Factory | Entered Extension 13562 | -5/Extension | Rescued a captive Derelict 13675 | -5/Extension | Rescued a captive Derelict 13980 | -5/Extension | Build established: Skirmisher 14044 | -5/Extension | Rescued a captive Derelict 14055 | -5/Extension | Spotted B-75 Beast 14436 | -5/Extension | Warlord forces began an assault 14616 | -5/Extension | Lost 15 allies 14705 | -5/Extension | Spotted B-75 Beast 14712 | -5/Extension | Crushed by falling debris 14713 | -5/Extension | System corruption reached 10% 14721 | -5/Extension | Crushed by falling debris 14752 | -5/Extension | Lost 6 parts (1n4u1w) 15053 | -5/Extension | Build established: Tank 15399 | -5/Extension | Crushed by falling debris 15590 | -5/Extension | Rescued a captive Derelict 15592 | -5/Extension | Rescued a captive Derelict 15600 | -5/Extension | Rescued a captive Derelict 15641 | -5/Extension | Rescued A7 15841 | -5/Extension | Build established: Gunner 15930 | -5/Extension | Rescued a captive Derelict 15959 | -5/Extension | Rescued a captive Derelict 16034 | -5/Extension | Discovered new exit (range 10) 16036 | -5/Extension | Discovered new exit (range 6) 16049 | -5/Extension | Identified exit to Cetus 16056 | -5/Extension | Identified exit to Factory 16088 | -5/Extension | Entered Cetus 16088 | -5/Cetus | Accompanied by 6 allies (A7) 16093 | -5/Cetus | Acquired a Cetus Manufacturing Module code from A7 16116 | -5/Cetus | Spotted Cetus Guard 16116 | -5/Cetus | Spotted Cetus Guard 16120 | -5/Cetus | Spotted Cetus Guard 16121 | -5/Cetus | Spotted Cetus Guard 16125 | -5/Cetus | Destroyed Cetus Guard 16130 | -5/Cetus | Allies destroyed Cetus Guard 16134 | -5/Cetus | Allies destroyed Cetus Guard 16143 | -5/Cetus | Allies destroyed Cetus Guard 16163 | -5/Cetus | Lost 4 allies 16351 | -5/Cetus | Started Cetus Manufacturing Module 16376 | -5/Cetus | Manufactured an Enhanced Grunt 16401 | -5/Cetus | Manufactured an Enhanced Grunt 16426 | -5/Cetus | Manufactured an Enhanced Grunt 16451 | -5/Cetus | Manufactured an Enhanced Grunt 16476 | -5/Cetus | Manufactured an Enhanced Grunt 16545 | -5/Cetus | Discovered new exit (range 15) 16576 | -5/Cetus | Identified exit to Archives 16620 | -5/Cetus | Spotted Cetus Guard 16620 | -5/Cetus | Spotted Cetus Guard 16632 | -5/Cetus | Allies destroyed Cetus Guard 16640 | -5/Cetus | Allies destroyed Cetus Guard 16664 | -5/Cetus | Discovered exit to Factory (range 15) 16677 | -5/Cetus | Met Revision 17 16803 | -5/Cetus | Entered Archives 16803 | -5/Archives | Accompanied by 7 allies (A7) 16900 | -5/Archives | Unable to access archive contents 16910 | -5/Archives | Discovered exit to Factory (range 16) 16920 | -5/Archives | Unable to access archive contents 16928 | -5/Archives | Discovered new exit (range 15) 16961 | -5/Archives | Unable to access archive contents 16968 | -5/Archives | Discovered new exit (range 14) 16972 | -5/Archives | Build established: Scavenger-Tank 16987 | -5/Archives | Identified exit to Hub_04(d) 17199 | -5/Archives | Entered Hub_04(d) 17199 | -5/Hub_04(d) | Accompanied by 5 allies 17199 | -5/Hub_04(d) | Discovered exit to Factory (range 11) 17333 | -5/Hub_04(d) | Garrison activated, responded to threat 17369 | -5/Hub_04(d) | Crushed by falling debris 17395 | -5/Hub_04(d) | Incoming assault squad redirected 17470 | -5/Hub_04(d) | Found Prototype Device 17470 | -5/Hub_04(d) | Identified Exp. Thermal Shield 17471 | -5/Hub_04(d) | Lost 4 allies 17698 | -5/Hub_04(d) | Discovered exit to Factory (range 12) 17726 | -5/Hub_04(d) | Entered Factory 17726 | -4/Factory | Evolved 2 slots: Utility x1, Weapon x1 18056 | -4/Factory | Build established: Scavenger-Assassin 18374 | -4/Factory | Garrison activated, responded to threat 18709 | -4/Factory | Build established: Scavenger-Tank 18765 | -4/Factory | System corruption reached 10% 18779 | -4/Factory | Released all parts (9) 18800 | -4/Factory | Lost 8 parts (1p1n3u3w) 18831 | -4/Factory | Released all parts (1) 18851 | -4/Factory | Core integrity fell below 50% 18938 | -4/Factory | Core integrity fell below 20% 18943 | -4/Factory | Destroyed by S-27 Virus with Autogun Last Messages --------------- 18886_ Slammed into K-01 Serf. 18891_ Slammed into U-05 Engineer. 18918_ Triggered Alarm Trap. 18918_ An alarm sounds. 18918_ ALERT: Alarm triggered, dispatching investigation squad. 18920_ TF WFBKMXN6ZYQJD3NBC2U&O 18931_ Assembly Bed disabled. 18933_ U-05 Engineer lays Concrete. 18935_ K-01 Serf cleans the Terminal. 18936_ Acquired 14 matter. 18938_ K-01 Serf collects debris. 18939_ O-16 Technician: "IFF HANDSHAKE FAILED. SECURING TERMINAL." 18940_ K-01 Serf collects debris. 18940_ K-01 Serf cleans the Power Conduit. 18943_ O-24 Administrator: "IFF HANDSHAKE FAILED. SECURING TERMINAL." 18943_ O-16 Technician uses terminal to summon reinforcements. 18943_ ALERT: Hostiles spotted, dispatching reinforcements to Terminal F020. 18943_ O-16 Technician locks terminal. [Achievement: Achiever] Map ----- +----------------------------------------------------+ | ?????????????????????????????????????????????????? | | ?????????????????????????????????????????????????? | | ?????????????????????????????????????????????????? | | ?????????????????????????????????????????????????? | | ?????????????????????????????????????????????????? | | ?????????????????????????????????????????????????? | | ?????????????????????????????????????????????????? | | ?????????????????????????????????????????????????? | | ?????????????????????????????????????????????????? | | ?????????????????????????????????????????????????? | | ??????????????????????? ???????????????????????? | | ????????????????????? ?????w?????????????????? | | ?????????????????????? o ???????????????????????? | | ????????????????????? R ???????????????????????? | | ?????????????????????? u???????????????????????? | | ?????????????????????? k ???????????????????????? | | ??????????????????? " " ???????????????????????? | | ??????????????????? " " #???????Y??????????????? | | ??????????????????" " " #??????????????????????? | | ??????????????????" " " #??????????????????????? | | ????????????????? " " " #??????????????????????? | | ????????????????" " " " #??????????????????????? | | ?????????????+? " " " " #??????????????????????? | | ?????????????# " " " " #??????????????????????? | | ?????????????# " " " " +??????????????????????? | | ?????????????# @#??????????????????????? | | ?????????????# #??????????????????????? | | ?????????????# #??????????????????????? | | ?????????????# #??????????????????????? | | ?????????????# k #??????????????????????? | | ?????????????# #??????????????????????? | | ?????????????# p #??#######?????????????? | | ?????????????# o #? #?????????????? | | ?????????????######T# #? #?????????????? | | ??????????????????### k # "" #?????????????? | | ???????????########## ss# "" #?????????????? | | ?????????? psspp/ """ #?????????????? | | ?????????? =# """ #?????????????? | | ?????????? k # """ ??????????????? | | ???????############## #? #?????????????? | | ???????# # #? #?????????????? | | ???????# # ##########?#######?????? | | ???????# """"""""" # ##### #?????? | | ???????# """"""""" + ## #??? | | ???????# """"""""" # " #??? | | ???????# """"""""" # ####??? | | ???????# """"""""" # ##### #?????? | | ???????# """"""""" ##########/#############?????? | | ???????# ## #????????? | | ???????# ## #????????? | +----------------------------------------------------+ Best States ------------- Heat Dissipation 98 Energy Generation 37 Energy Capacity 555 Matter Stores 400 Matter Capacity 400 Sight Range 16 Robot Scan Range 20 Terrain Scan Range 20 Terrain Scan Density 10 Armor Coverage 675 Resistance: TH 30 Resistance: EM 15 Core Shielding 30 Evasion (%) 63 Targeting Accuracy 5 Target Analysis 10 Core Analysis 6 Armor Integrity Analysis 50 Recoil Reduction 4 Salvage Targeting 2 Item Schematics ----------------- Combat Drone Bay | -7/Data Miner | Free Lgt. Regenerative Plating | -7/Data Miner | Free Biomechanical Wings | -7/Data Miner | Free Imp. Heavy Machine Gun | -7/Data Miner | Free Exp. Targeting Computer | -7/Data Miner | Free Hvy. Treads | -7/Data Miner | Free Imp. Transmission Jammer | -7/Data Miner | Free Enh. Gauss Cannon | -7/Data Miner | Free Imp. Recalibrator | -7/Data Miner | Free Robot Schematics ------------------ A-15 Conveyor | -7/Data Miner | Free S-27 Virus | -7/Data Miner | Free R-10 Processor | -7/Data Miner | Free M-14 Sweeper | -7/Data Miner | Free B-60 Warrior | -7/Data Miner | Free Fabricated ------------ Nothing Repaired ---------- Nothing Alien Tech Used ----------------- None Achievements -------------- Achiever Knowing Is Half The Battle Prison Break Project G-00 Quantum Hacking Release The Drones! Revising The Future The Oracle Challenges ------------ None Game ------ Seed RocketSuperdenseOptics Manual? 0 Play Time 03:52:33 Cumulative 36.3 hours Start 2025.07.22 @ 21:44:01 End 2025.07.26 @ 22:03:53 Sessions 11 Manual Loads 0 Difficulty Rogue Special Mode None Game No. 33 Rogue 33 Adventurer 0 Explorer 0 Win Type - Total 0 Types 0/0/0/0/0/0/0/0/0/0 Lore% 28 Gallery% 22 Achievement% 25 Wizard Run 0 Options --------- Layout 0 ASCII 0 Keyboard 1 Movement Numpad Keybinds 0 Fullscreen 1 Font 18/SmallcapsGlow Map View 76x50 Zoom Use 0% Tactical HUD 1 Map Filters NONE Filters NONE Steam 1 RUN: 418d335a-cd6b-4cda-9894-4dbfe753e1d2